 Dungeon Crawl Stone Soup version 0.27-a0-1230-gfc7c993222 (webtiles) character file.

Game seed: 12107974772006789296

118 Bnni the Cudgeller (level 4, 0/44 HPs)
             Began as a Troll Gladiator on June 8, 2021.
             Was a Plaything of Xom.
             Slain by Sigmund
             ... wielding a +0 scythe
              (4 damage)
             ... on level 3 of the Dungeon.
             The game lasted 00:04:35 (1417 turns).

Bnni the Cudgeller (Troll Gladiator)                Turns: 1417, Time: 00:04:36

Health: 0/44       AC:  9    Str: 22    XL:     4   Next: 72%
Magic:  3/3        EV: 10    Int:  4    God:    Xom [.....*]
Gold:   37         SH:  0    Dex: 12    Spells: 3/3 levels left

rFire    . . .     SeeInvis .   a - +0 flail
rCold    . . .     Faith    .   (no shield)
rNeg     . . .     Spirit   .   b - +0 robe
rPois    .         Reflect  .   c - +0 hat
rElec    .         Harm     .   n - +0 cloak
rCorr    .         Rampage  .   (gloves unavailable)
Will     .....                  (boots unavailable)
Stlth    +.........             (no amulet)
HPRegen  1.14/turn              h - +4 ring of protection
MPRegen  0.08/turn              (no ring)

@: brilliant, hasted, very quick
A: large, unfitting armour, claws 3, regeneration 1, shaggy fur 1, tough skin 1
a: Renounce Religion


You were on level 3 of the Dungeon.
You worshipped Xom.
You were Xom's teddy bear.
You visited 1 branch of the dungeon, and saw 3 of its levels.

You collected 37 gold pieces.

Inventory:

Hand Weapons
 a - a +0 flail (weapon)
Missiles
 d - 2 throwing nets (quivered)
Armour
 b - a +0 robe (worn)
 c - a +0 hat (worn)
 n - a +0 cloak (worn)
Jewellery
 h - a +4 ring of protection (left claw)
Scrolls
 f - a scroll of identify {unknown}
 g - 2 scrolls of enchant armour {unknown}
 j - a scroll of blinking {unknown}
 k - a scroll of magic mapping {unknown}
 m - a scroll of noise {unknown}
 o - a scroll of teleportation {unknown}
Potions
 l - a potion of might {unknown}


   Skills:
 + Level 2.6 Fighting
 * Level 4.4 Maces & Flails
 - Level 1.7 Throwing
 - Level 2.4 Dodging


You had 3 spell levels left.
You didn't know any spells.
Your spell library was empty.

Dungeon Overview and Level Annotations

Branches:
Dungeon (3/15)

Altars:
Gozag
Xom

Annotations:
D:3 Sigmund


Innate Abilities, Weirdness & Mutations

You are too large for most types of armour.
You have claws for hands.
Your natural rate of healing is unusually fast.
You are covered in fur. (AC +1)
You have tough skin. (AC +1)


Message History

You closely miss the orc. The orc hits you but does no damage.
Sigmund barely misses you.
You hit the orc.
The orc is heavily wounded.
The orc hits you but does no damage. Sigmund barely misses you.
You hit the orc.
You kill the orc!
Xom grants you a minor favour.
You feel clever all of a sudden.
You are now Xom's teddy bear.
Sigmund casts a spell.
Sigmund flickers and vanishes!
Deactivating autopickup; reactivate with Ctrl-A.
Something hits you.
You see here a +0 club.
You thump something! Something hits you!
You completely miss something. Something hits you but does no damage.
You hear some strange, mumbled words.
A puff of flame appears from out of thin air!
The puff of flame hits you.
You miss something. Something hits you.
You miss something. Something hits you.
You barely miss something. Something hits you.
You hit something. Something hits you but does no damage.
You miss something. Something completely misses you.
You closely miss something. Something hits you. Something hits you!
* * * LOW HITPOINT WARNING * * *
It was a potion of haste.
You feel yourself speed up. Something hits you!
* * * LOW HITPOINT WARNING * * *
It was a potion of curing.
You feel better.
Xom roars with laughter!
You barely miss something. Something hits you!
* * * LOW HITPOINT WARNING * * *
You closely miss something. Something hits you.
* * * LOW HITPOINT WARNING * * *
You barely miss something. Something hits you.
* * * LOW HITPOINT WARNING * * *
Something hits you.
You die... "Huh?
Did I miss anything?"

# # .. . ... #.
.... #.#### .....
####....###......
........@){......
######.#########
########## #.#
#........####.#
#........'..#.#
#........##.#.##
#..............#
##########.##..#
###.....#


There were no monsters in sight!

Vanquished Creatures
  3 gnolls (D:2)
  An adder (D:2)
  5 dart slugs
  An orc (D:3)
  5 ball pythons
  12 bats
  6 endoplasms
  A giant cockroach (D:2)
  5 goblins
  3 hobgoblins
  8 jackals
  3 quokkas
  2 frilled lizards (D:1)
  6 kobolds
  5 rats
66 creatures vanquished.

Vanquished Creatures (others)
  17 plants (D:2)
17 creatures vanquished.

Grand Total: 83 creatures vanquished

Notes
Turn   | Place    | Note
-------+----------+-------------------------------------------
     0 | D:1      | Bnni the Troll Gladiator began the quest for the Orb.
     0 | D:1      | Reached XP level 1. HP: 19/19 MP: 0/0
    70 | D:1      | Reached skill level 3 in Maces & Flails
    74 | D:1      | Reached XP level 2. HP: 28/28 MP: 1/1
   362 | D:1      | Reached XP level 3. HP: 35/35 MP: 2/2
   601 | D:1      | You fall into a shaft and drop 1 floor!
   645 | D:2      | Found a faded altar of an unknown god.
   657 | D:2      | Became a worshipper of Xom of Chaos
   762 | D:2      | XOM: silly message
   788 | D:2      | XOM: silly message
   790 | D:2      | Reached skill level 4 in Maces & Flails
   790 | D:2      | Reached XP level 4. HP: 37/44 MP: 3/3
   839 | D:2      | Found an opulent altar of Gozag.
  1025 | D:2      | XOM: divination: detect items
  1213 | D:2      | XOM: silly message
  1305 | D:3      | XOM: silly message
  1393 | D:3      | Noticed Sigmund
  1402 | D:3      | XOM: potion effect (brilliance)
  1417 | D:3      | Slain by Sigmund

Illustrated notes

Levels and vault maps discovered:
D:1:      minmay_arrival_semitransparent, layout_loops_ring
D:2:      layout_loops_ring, basic_altar,
          hellmonk_ecumenical_altar_pennies_from_heaven, serial_bayou_lagoon_a
D:3:      layout_basic, lemuel_round_altar, uniq_natasha, uniq_robin,
          uniq_sigmund

Skill      XL: |  1  2  3 |
---------------+----------+-----
Maces & Flails | 3 4 |  4.4
Fighting       | 2 |  2.6
Throwing       | |  1.7
Dodging        | |  2.4

Action                   |  1- 3 |  4- 6 || total
-------------------------+-------+-------++-------
Melee: Flail             |   121 |    87 ||   208
Throw: Throwing net      |     2 |       ||     2
  Use: Potion            |       |     2 ||     2
 Stab: Distracted        |     1 |       ||     1
Armor: Robe              |    80 |    59 ||   139
Dodge: Dodged            |    67 |    68 ||   135

Table legend: (Time is in decaauts)
 A = Elapsed time spent in this place.
 B = Non-inter-level travel time spent in this place.
 C = Inter-level travel time spent in this place.
 D = Time resting spent in this place.
 E = Time spent auto-exploring this place.
 F = Levels seen in this place.
 G = Mean time per level.
                   A        B        C        D        E       F      G
               +--------+--------+--------+--------+--------+-----+--------+
         Total |   1465 |   1455 |     10 |      7 |    963 |   3 |  488.3 |
       Dungeon |   1465 |   1455 |     10 |      7 |    963 |   3 |  488.3 |
               +--------+--------+--------+--------+--------+-----+--------+

Top non-repeatable levels by time:
     D:2: 716 daAuts
     D:1: 622 daAuts
     D:3: 126 daAuts
